 Dungeon Crawl Stone Soup version 0.27-a0-1319-geec4fb4e21 (webtiles) character file.

Game seed: 15031388364375287740

168 Kold the Cudgeller (level 5, -3/32 HPs)
             Began as a Gargoyle Fighter on June 21, 2021.
             Killed by divine providence
             ... invoked by an orc priest
              (9 damage)
             ... on level 4 of the Dungeon.
             The game lasted 00:04:39 (3852 turns).

Kold the Cudgeller (Gargoyle Fighter)               Turns: 3852, Time: 00:04:40

Health: -3/32      AC: 15    Str: 20    XL:     5   Next: 48%
Magic:  5/5        EV: 22    Int:  8    God:
Gold:   68         SH:  9    Dex: 10    Spells: 4/4 levels left

rFire    . . .     SeeInvis .   a - +0 flail
rCold    . . .     Faith    .   c - +0 kite shield
rNeg     + . .     Spirit   .   b - +0 scale mail
rPois    ∞         Reflect  .   (no helmet)
rElec    +         Harm     .   n - +1 cloak {Stlth+}
rCorr    .         Rampage  .   (no gloves)
Will     +....                  p - +1 pair of boots
Stlth    +.........             f - amulet of the acrobat
HPRegen  0.10/turn              i - ring of willpower
MPRegen  0.09/turn              (no ring)

@: acrobatic
A: sickness immunity, AC +4, negative energy resistance 1, electricity
resistance, torment resistance 1, petrification resistance
a: no special abilities


You were on level 4 of the Dungeon.
You visited 1 branch of the dungeon, and saw 4 of its levels.

You collected 180 gold pieces.
You spent 112 gold pieces at shops.

Inventory:

Hand Weapons
 a - a +0 flail (weapon)
Armour
 b - a +0 scale mail (worn)
 c - a +0 kite shield (worn)
 g - a +0 tower shield
 n - a +1 cloak of stealth (worn)
 p - a +1 pair of boots (worn)
Jewellery
 f - an amulet of the acrobat (around neck)
 i - a ring of willpower (left hand)
Scrolls
 e - 2 scrolls of enchant armour {unknown}
 h - 2 scrolls of fear {unknown}
 j - a scroll of torment {unknown}
 l - 2 scrolls of identify {unknown}
 q - a scroll of magic mapping {unknown}
Potions
 d - a potion of might
 k - 2 potions of degeneration {unknown}
 m - a potion of attraction {unknown}
 o - a potion of heal wounds {unknown}


   Skills:
 - Level 3.2 Fighting
 * Level 5.1 Maces & Flails
 - Level 3.2 Armour
 + Level 0.4 Stealth
 - Level 4.0 Shields


You had 4 spell levels left.
You didn't know any spells.
Your spell library contained the following spells:

 Spells                   Type           Power      Damage    Failure   Level
 Foxfire                  Conj/Fire      0%         2x1d4     99%         1
 Magic Dart               Conj           0%         1d3       99%         1
 Searing Ray              Conj           0%         3d3       100%        2
 Conjure Flame            Conj/Fire      0%         6-21      100%        3
 Dazzling Flash           Conj/Hex       0%         N/A       100%        3
 Inner Flame              Hex/Fire       0%         N/A       100%        3
 Fulminant Prism          Conj/Hex       0%         3d6       100%        4
 Iskenderun's Mystic Bla  Conj/Tloc      0%         2d3       100%        4
 Sticky Flame             Conj/Fire      0%         2d3       100%        4
 Fireball                 Conj/Fire      0%         3d3       100%        5


Dungeon Overview and Level Annotations

Branches:
Dungeon (4/15)
 Temple: D:4-7

Altars:

Shops:
D:3 *

Annotations:
D:3 2 runed translucent doors, funkygono's ghost, amateur FoFE
D:4 2 transporters, Lanoc's ghost, novice GnWr


Innate Abilities, Weirdness & Mutations

You are immune to sickness and miasma.
Your stone body is resilient. (AC +4)
You are immune to poison.
You resist negative energy. (rN+)
You are resistant to electric shocks. (rElec)
You are resistant to unholy torment.
You are immune to petrification.


Message History

An orc wizard is nearby!
The orc wizard gestures at you while chanting.
The magic dart hits you but does no damage.
An orc priest comes into view. It is wielding a +0 mace.
The orc priest shouts!
You hit the orc wizard but do no damage.
You hear a shout!
The orc priest begins to cast a cantrip, but forgets the words!
You block the orc wizard's attack.
An orc comes into view. It is wielding a +0 mace.
You thump the orc wizard!
The orc wizard is severely wounded.
The orc priest looks encouraged for a moment.
You block the orc wizard's attack.
You closely miss the orc wizard.
The orc wizard is severely wounded.
The orc wizard hits you with a +0 dagger.
An orc comes into view. It is wielding a +0 war axe.
The orc wizard hits you but does no damage.
You closely miss the orc wizard.
The orc wizard is severely wounded.
The orc shouts!
You block the orc wizard's attack.
An orc priest comes into view. It is wielding a +0 dagger.
You closely miss the orc wizard.
The orc wizard is severely wounded.
The orc priest shouts!
The orc wizard barely misses you.
The orc priest mumbles some strange prayers to Beogh against you.
Beogh smites you!
The orc wizard mumbles some strange words.
The orc wizard flickers and vanishes!
Deactivating autopickup; reactivate with Ctrl-A.
The orc priest mumbles some strange prayers to Beogh against you.
Beogh smites you!
Ouch! That really hurt!
* * * LOW HITPOINT WARNING * * *
The orc priest calls down the wrath of Beogh upon you.
Beogh smites you!
You die...

#.........#.........
#........ #.........
#....... #.........
#...... #.........
######..... #.##.##...
#.........##+###.##+##...
#.......+..............
#.......#..............
#.....@>#..............
###.o.....#..)...##......
......o....#......##......
..o..o.....#..............
........)..'......##......
...........#......########
...........#......##.<....
...........#......##......
#####......#..............


You could see 2 orc priests and 2 orcs.

Vanquished Creatures
  3 gnolls (D:2)
  5 adders
  An ufetubus (D:4)
  An adder skeleton (D:3)
  2 dart slugs
  3 orcs (D:3)
  4 ball pythons
  5 endoplasms
  5 giant cockroaches
  6 goblins
  4 hobgoblins
  8 jackals
  3 quokkas
  4 bats
  3 frilled lizards
  13 kobolds
  5 rats
75 creatures vanquished.

Notes
Turn   | Place    | Note
-------+----------+-------------------------------------------
     0 | D:1      | Kold the Gargoyle Fighter began the quest for the Orb.
     0 | D:1      | Reached XP level 1. HP: 14/14 MP: 1/1
   328 | D:1      | Reached XP level 2. HP: 19/19 MP: 2/2
   787 | D:1      | Reached skill level 3 in Maces & Flails
   797 | D:1      | Reached XP level 3. HP: 21/23 MP: 3/3
  2013 | D:2      | Reached XP level 4. HP: 28/28 MP: 4/4
  2156 | D:2      | Reached skill level 4 in Maces & Flails
  2461 | D:2      | Found a faded altar of an unknown god.
  2733 | D:3      | Reached XP level 5. HP: 26/32 MP: 5/5
  3127 | D:3      | Found Jagedar's Assorted Antiques.
  3135 | D:3      | Bought a glowing cloak for 112 gold pieces
  3227 | D:3      | Reached skill level 5 in Maces & Flails
  3254 | D:3      | Found a large runed translucent door.
  3254 | D:3      | Found a large runed translucent door.
  3255 | D:3      | Noticed funkygono's ghost (amateur FoFE)
  3591 | D:4      | Found a transporter.
  3618 | D:4      | Found a transporter.
  3618 | D:4      | Noticed Lanoc's ghost (novice GnWr)
  3852 | D:4      | Killed from afar by an orc priest

Illustrated notes

Levels and vault maps discovered:
D:1:      minmay_arrival_shoal_huts, layout_basic
D:2:      layout_rooms, ebering_ecumenical_altar_ruins, grunt_decor_cap,
          amcnicky_mini_rare_corridor_liquid
D:3:      layout_loops_ring, serial_shops, shop, ebering_ghost_disaster_area,
          minmay_quadrilaterals
D:4:      layout_gridville, ashenzari_conservatory_becter,
          gammafunk_ghost_arena, serial_shops, nicolae_shop_behind_doors

Skill      XL: |  1  2  3  4  5 |
---------------+----------------+-----
Maces & Flails | 3 4 5 |  5.1
Shields        | 4 |  4.0
Fighting       | |  3.2
Armour         | |  3.2
Stealth        | |  0.4

Action                   |  1- 3 |  4- 6 || total
-------------------------+-------+-------++-------
Melee: Flail             |   160 |   137 ||   297
  Use: Potion            |       |     1 ||     1
Armor: Scale mail        |   105 |    69 ||   174
Dodge: Dodged            |    54 |    58 ||   112
Block: Kite shield       |    97 |    83 ||   180

Table legend: (Time is in decaauts)
 A = Elapsed time spent in this place.
 B = Non-inter-level travel time spent in this place.
 C = Inter-level travel time spent in this place.
 D = Time resting spent in this place.
 E = Time spent auto-exploring this place.
 F = Levels seen in this place.
 G = Mean time per level.
                   A        B        C        D        E       F      G
               +--------+--------+--------+--------+--------+-----+--------+
         Total |   3987 |   3850 |    137 |   1332 |   1740 |   4 |  996.8 |
       Dungeon |   3987 |   3850 |    137 |   1332 |   1740 |   4 |  996.8 |
               +--------+--------+--------+--------+--------+-----+--------+

Top non-repeatable levels by time:
     D:1: 1753 daAuts
     D:2: 1071 daAuts
     D:3: 918 daAuts
     D:4: 244 daAuts
